 Dungeon Crawl Stone Soup version 0.29.0-11-gd7f09526c8 (webtiles) character file.

Game seed: 7444562056299896023

18 Arcadio the Grave Robber (level 2, -1/15 HPs)
             Began as a Vampire Necromancer on Sept 3, 2022.
             Slain by a goblin
             ... wielding a +0 dagger
             ... led by Robin
              (5 damage)
             ... on level 2 of the Dungeon.
             The game lasted 00:02:51 (2115 turns).

Arcadio the Grave Robber (Vampire Necromancer)      Turns: 2115, Time: 00:02:52

Health: -1/15      AC:  2    Str:  7    XL:     2   Next: 51%
Magic:  5/5        EV: 12    Int: 23    God:
Gold:   82         SH:  0    Dex: 14    Spells: 4/5 levels left

rFire   . . .      SeeInvis +   h - +0 war axe
rCold   + + .      Faith    .   (no shield)
rNeg    + + +      Spirit   .   a - +0 robe
rPois   ∞          Reflect  .   (no helmet)
rElec   .          Harm     .   (no cloak)
rCorr   .          Rampage  .   (no gloves)
Will    +....                   (no boots)
Stlth   ++++......              (no amulet)
HPRegen 0.00/turn               f - +6 ring of intelligence
MPRegen 0.09/turn               o - ring of willpower

@: bloodless, inhibited regen
A: bloodless, fangs 3, see invisible, vampiric 1
a: Revivify


You were on level 2 of the Dungeon.
You visited 1 branch of the dungeon, and saw 2 of its levels.

You collected 82 gold pieces.

Inventory:

Hand Weapons
 e - a +0 whip
 h - a +0 war axe (weapon)
Armour
 a - a +0 robe (worn)
 m - a +0 leather armour
Jewellery
 f - a +6 ring of intelligence (left hand)
 o - a ring of willpower (right hand)
Scrolls
 d - a scroll of immolation {unknown}
 g - 2 scrolls of summoning {unknown}
 i - a scroll of brand weapon {unknown}
 j - a scroll of identify
 l - a scroll of teleportation {unknown}
Potions
 b - a potion of magic
 c - a potion of haste
 k - a potion of flight
 n - a potion of curing {unknown}


   Skills:
 - Level 2.5 Dodging
 + Level 3.5 Stealth
 + Level 2.2 Spellcasting
 + Level 4.6 Necromancy


You had 4 spell levels left.
You knew the following spells:

 Your Spells              Type           Power      Damage    Failure   Level
a - Necrotise             Necr           92%        1d8       1%          1

Your spell library contained the following spells:

 Spells                   Type           Power      Damage    Failure   Level
 Vampiric Draining        Necr           23%        2d7       5%          3
 Animate Dead             Necr           23%        N/A       19%         4
 Summon Guardian Golem    Hex/Summ       2%         N/A       36%         3
 Agony                    Necr           23%        N/A       45%         5
 Orb of Destruction       Conj           1%         9d5       100%        7
 Spellforged Servitor     Conj/Summ      1%         N/A       100%        7


Dungeon Overview and Level Annotations

Branches:
Dungeon (2/15) Zot: 9877

Altars:

Annotations:
D:2 Robin


Innate Abilities, Weirdness & Mutations

You do not regenerate when monsters are visible.
You are frail without blood (-20% HP).
You can heal yourself when you bite living creatures.
You are immune to poison.
You have razor-sharp teeth.
You have supernaturally acute eyesight. (SInv)
You are afflicted with vampirism.


Message History

Robin roars a battlecry!
The goblins go into a battle-frenzy!
The goblin closely misses you.
You hear a shout!
The bat attacks as you move away! The bat closely misses you.
The bat hits you. x2
The goblin hits you with a +0 dagger of venom.
The goblin attacks as you move away! The goblin misses you.
The bat attacks as you move away! The bat closely misses you.
A bat comes into view.
Found a gold piece.
The bat barely misses you.
Okay, then.
The goblin attacks as you move away! The goblin hits you with a +0 dagger.
The bat attacks as you move away! The bat hits you. The bat barely misses you.
The goblin attacks as you move away! The goblin hits you with a +0 club.
* * * LOW HITPOINT WARNING * * *
The bat closely misses you.
The helpless bat fails to defend itself.
You bite the bat, and draw its blood!
You feel better.
You hit the bat.
The bat is moderately wounded.
You barely miss the goblin. The bat barely misses you.
The bat hits you but does no damage. The bat closely misses you.
The goblin closely misses you.
You barely miss the bat.
The bat is moderately wounded.
You hit the goblin but do no damage. You hit the goblin.
You kill the goblin!
The bat closely misses you. The bat barely misses you.
The goblin hits you but does no damage. Robin throws the goblin at you!
The bat hits you but does no damage. The goblin closely misses you.
The bat closely misses you. The goblin hits you with a +0 dagger.
* * * LOW HITPOINT WARNING * * *
The goblin barely misses you.
You barely miss the bat. Your bite misses the bat.
The bat is moderately wounded.
You hit the goblin.
You kill the goblin!
You closely miss the goblin. x2; The bat hits you but does no damage.
The goblin closely misses you. The goblin misses you.
The goblin attacks as you move away! The goblin hits you with a +0 dagger.
You die...

.. #.# #.# ####.#
..#.# ########.#.#
.......#.#g######.#
.........>ggg@..b...#
..........g#g########
..........bgg#
#.......<.g###
#..........#
...........#
...........###.#
...............#
...........######


You could see Robin, 2 hobgoblins, 6 goblins and 2 bats.

Vanquished Creatures
  4 goblins (D:2)
  A hobgoblin (D:1)
  2 kobolds (D:1)
  3 ball pythons (D:1)
  A bat (D:1)
  2 frilled lizards (D:1)
  7 rats
20 creatures vanquished.

Vanquished Creatures (others)
  A plant (D:1)
1 creature vanquished.

Grand Total: 21 creatures vanquished

Notes
Turn   | Place    | Note
-------+----------+-------------------------------------------
     0 | D:1      | Arcadio the Vampire Necromancer began the quest for the
                  | Orb.
     0 | D:1      | Reached XP level 1. HP: 13/13 MP: 3/3
   216 | D:1      | Found a faded altar of an unknown god.
   829 | D:1      | Reached XP level 2. HP: 15/15 MP: 0/5
  2101 | D:2      | Noticed Robin
  2115 | D:2      | Slain by a goblin

Illustrated notes

Levels and vault maps discovered:
D:1:      dpeg_arrival_circle_labyrinth_c, layout_basic, basic_ecumenical_altar,
          serial_forest, infiniplex_forest_straight_2,
          infiniplex_forest_fountain, infiniplex_forest_clump_diagonal,
          infiniplex_forest_clump_tiny, infiniplex_forest_clump_small,
          infiniplex_forest_clump_C, infiniplex_forest_clump_small,
          infiniplex_forest_lined_1, roderic_lattice_a, minmay_crystal_room,
          reono_crystal_passage
D:2:      layout_basic, uniq_robin

Action                   || total
-------------------------++-------
Melee: Whip              ||     6
       War axe           ||    19
       Bite              ||     2
 Cast: Necrotise         ||    14
 Abil: Exsanguinate      ||     1
  Use: Scroll            ||     2
 Stab: Sleeping          ||     5
Armor: Robe              ||    11
Dodge: Dodged            ||    40
